AoeStats
← CaptainThomas

QS Arena

503396365Analyzed
1v1 RM · 1mo ago on Aug 31, 2026· 64m 30s· 2 players
Game mode
Random Map
Map size
Tiny (2 player)
Population
200
Speed
Normal
Resources
Standard
Victory
Conquest
Starting age
Dark Age
Ending age
Imperial Age
RankedLock teamsTeams togetherTeam positionsShared explorationLock speedFull tech treeHidden civsTurbo modeCheats
Victory
Defeat
🇫🇷 Bohemians · France
1689
+16
🇫🇷 Teutons · France
1699
-16
CaptainThomas
7:33 Feudal Age
7:46 Loom
12:09 Castle Age
10:05 Horse Collar
10:30 Double-Bit Axe
13:47 Wheelbarrow
13:39 Crossbowman
14:48 Bow Saw
22:19 Imperial Age
20:16 Heavy Plow
22:14 Chemistry
21:21 Pikeman
22:13 Scale Mail Armor
26:33 Hand Cart
31:05 Chain Mail Armor
31:42 Halberdier
32:35 Squires
32:48 Forging
33:45 Plate Mail Armor
36:51 Houfnice
37:37 Capped Ram
39:55 Fletching
40:06 Padded Archer Armor
39:28 Elite Skirmisher
40:34 Bodkin Arrow
41:48 Conscription
42:07 Ballistics
42:25 Siege Engineers
42:36 Masonry
42:10 Treadmill Crane
43:37 Bracer
43:52 Leather Archer Armor
47:02 Ring Archer Armor
54:00 Light Cavalry
55:33 Scale Barding Armor
55:30 Husbandry
57:11 Iron Casting
61:15 Blast Furnace
60:43 Chain Barding Armor
60:35 Town Watch
61:22 Architecture
FR - DoduDindon
4:05 Loom
6:54 Feudal Age
12:47 Castle Age
12:19 Double-Bit Axe
12:56 Gold Mining
12:54 Town Watch
22:26 Wheelbarrow
24:23 Fletching
28:55 Sanctity
29:29 Bow Saw
30:29 Stone Mining
33:58 Imperial Age
31:53 Bodkin Arrow
32:30 Masonry
33:47 Padded Archer Armor
34:46 Ballistics
35:04 Crenellations
37:23 Chemistry
37:01 Hand Cart
37:21 Fortified Wall
37:31 Horse Collar
39:01 Leather Archer Armor
38:47 Elite Skirmisher
40:21 Ring Archer Armor
40:27 Town Patrol
40:52 Fortified Wall
40:52 Crossbowman
41:41 Scale Mail Armor
41:52 Forging
42:06 Squires
42:40 Conscription
42:49 Chain Mail Armor
43:32 Heavy Plow
44:33 Two-Man Saw
44:15 Sanctity
45:43 Plate Mail Armor
45:49 Iron Casting
46:20 Guilds
47:32 Ironclad
47:52 Elite Teutonic Knight
50:41 Bloodlines
50:40 Scale Barding Armor
52:03 Blast Furnace
51:41 Hoardings
51:18 Siege Engineers
51:02 Cavalier
54:18 Chain Barding Armor
54:45 Pikeman
57:25 Plate Barding Armor
Connection lost

Rejoining the realm…

Still unreachable

The connection could not be restored.

Session expired

The server has moved on; the page needs a fresh start.